 Dungeon Sprint DCSS version 0.21-a0-270-g8204059 (webtiles) character file.

13 potatolord6000 the Skirmisher (level 2, 0/26 HPs)
             Began as a Gnoll Fighter on Sept 13, 2017.
             Was a Believer of Kikubaaqudgha.
             Slain by a river rat (1 damage)
             ... in the Dungeon (Sprint VII: "The Pits").
             The game lasted 00:01:16 (283 turns).

potatolord6000 the Skirmisher (Gnoll Fighter)        Turns: 283, Time: 00:01:17

Health: 0/26       AC:  7    Str:  7    XL:     2   Next: 37%
Magic:  5/5        EV:  5    Int:  7    God:    Kikubaaqudgha [**....]
Gold:   0          SH:  8    Dex:  7    Spells: 5/6 levels left

rFire    . . .     SeeInvis .   a - +0 flail
rCold    . . .     Gourm    .   c - +0 shield
rNeg     . . .     Faith    .   b - +0 scale mail
rPois    .         Spirit   .   (no helmet)
rElec    .         Reflect  .   (no cloak)
rCorr    .         Harm     .   (no gloves)
MR       .....     NoTele   +   (no boots)
Stlth    ..........             (no amulet)
HPRegen  0.08/turn              (no ring)
MPRegen  0.09/turn              (no ring)

@: hasted, very quick
A: unchanging attributes, fangs 1, strong nose
a: Receive Corpses, Renounce Religion


You were in the Dungeon.
You worshipped Kikubaaqudgha.
Kikubaaqudgha was pleased with you.
You were not hungry.

You visited 1 branch

Inventory:

Hand Weapons
 a - a +0 flail (weapon)
Armour
 b - a +0 scale mail (worn)
 c - a +0 shield (worn)
Scrolls
 k - a scroll of blinking
 m - 3 scrolls of remove curse
 n - 5 scrolls of amnesia
 o - a scroll of summoning
Potions
 d - a potion of might
 i - 4 potions of magic
 j - 3 potions of berserk rage
 l - 2 potions of invisibility
Books
 e - Kikubaaqudgha's Catalogue of Unholy Secrets
   (Kikubaaqudgha gifted it to you in the Dungeon)

   Spells                             Type                      Level
   a - Pain                           Necromancy                   1
   b - Corpse Rot                     Necromancy                   2
   c - Sublimation of Blood           Necromancy                   2
   d - Vampiric Draining              Necromancy                   3
   e - Control Undead                 Necromancy                   4
Comestibles
 f - 8 bread rations
 p - 40 fruits
 q - 7 meat rations


   Skills:
 + Level 4.7 Fighting
 + Level 3.6 Maces & Flails
 + Level 4.7 Armour
 + Level 4.5 Shields
 + Level 2.5 Spellcasting
 + Level 1.6 Necromancy


You had 5 spell levels left.
You knew the following spells:

 Your Spells              Type           Power        Failure   Level  Hunger
a - Pain                  Necr           #...         100%        1    ##.....


Dungeon Overview and Level Annotations

Branches:
Dungeon (1/1)

Altars:
Ashenzari
Cheibriados
Dithmenos
Elyvilon
Fedhas
Gozag
Hepliaklqana
Kikubaaqudgha
Makhleb
Nemelex Xobeh
Okawaru
Qazlal
Ru
Sif Muna
Trog
Uskayaw
Vehumet
Wu Jian
Xom
Yredelemnul
Zin
The Shining One
Beogh
Jiyva
Lugonu


Innate Abilities, Weirdness & Mutations

Your physical attributes are unchanging.
You have very sharp teeth.
Your uncanny sense of smell can sniff out nearby items.


Message History

Your scale mail prevents you from hitting the river rat.
The river rat is heavily wounded.
The river rat bites you but does no damage.
The river rat bites you.
* * * LOW HITPOINT WARNING * * *
You feel yourself speed up.
The river rat bites you but does no damage.
You hit the river rat but do no damage.
The river rat is heavily wounded.
The river rat bites you.
* * * LOW HITPOINT WARNING * * *
Unknown command.
You closely miss the river rat.
The river rat is heavily wounded.
Unknown command.
You closely miss the river rat.
The river rat is heavily wounded.
The river rat bites you.
You die...
Kikubaaqudgha rasps: "You have failed me!
Welcome... death!"

##########'##.........
#.?(.')))'.##......#..
##########.##.........
#...........'.........
#+#####'#####......#..
#..†..#∆∆ #.........
#.....#∆∆ ####'#####
###†###∆∆ #.......#
#.r@..#∆∆ #.......#
#.....#∆∆ #.......#
####+## #...<...#
#.......# #.......#
#.......# #########
∆∆∆∆


You could see a river rat.

Vanquished Creatures
  An ufetubus (D)
  A bat skeleton (D)
  4 jackals (D)
  A ball python (D)
7 creatures vanquished.

Notes
Turn   | Place    | Note
-------+----------+-------------------------------------------
     0 | D        | potatolord6000 the Gnoll Fighter began the quest for the Orb.
     0 | D        | Reached XP level 1. HP: 19/19 MP: 1/1
    15 | D        | Reached skill level 1 in Spellcasting
    21 | D        | Found a bloodstained altar of Trog.
    21 | D        | Found a deep blue altar of Sif Muna.
    21 | D        | Found a viscous altar of Jiyva.
    21 | D        | Found a hazy altar of Hepliaklqana.
    21 | D        | Found an opulent altar of Gozag.
    45 | D        | Found a glowing golden altar of the Shining One.
    45 | D        | Found a glowing silver altar of Zin.
    45 | D        | Found a basalt altar of Yredelemnul.
    45 | D        | Found a shimmering altar of Xom.
    45 | D        | Found an ornate altar of the Wu Jian Council.
    45 | D        | Found a sacrificial altar of Ru.
    45 | D        | Found a stormy altar of Qazlal.
    45 | D        | Found an iron altar of Okawaru.
    45 | D        | Found a sparkling altar of Nemelex Xobeh.
    45 | D        | Found a burning altar of Makhleb.
    45 | D        | Found a blossoming altar of Fedhas.
    45 | D        | Found a white marble altar of Elyvilon.
    45 | D        | Found a shadowy altar of Dithmenos.
    45 | D        | Found a snail-covered altar of Cheibriados.
    48 | D        | Found a corrupted altar of Lugonu.
    48 | D        | Found a radiant altar of Vehumet.
    48 | D        | Found a roughly hewn altar of Beogh.
    50 | D        | Found a shattered altar of Ashenzari.
    50 | D        | Found an ancient bone altar of Kikubaaqudgha.
    50 | D        | Found a hide-covered altar of Uskayaw.
    67 | D        | Became a worshipper of Kikubaaqudgha
    91 | D        | Reached skill level 1 in Necromancy
    91 | D        | Reached XP level 2. HP: 13/26 MP: 3/5
   117 | D        | Reached * piety under Kikubaaqudgha
   117 | D        | Identified Kikubaaqudgha's Catalogue of Unholy Secrets (Kikubaaqudgha gifted it to you in the Dungeon)
   117 | D        | Received a gift from Kikubaaqudgha
   138 | D        | Learned a level 1 spell: Pain
   270 | D        | Reached ** piety under Kikubaaqudgha
   281 | D        | HP: 1/26 [river rat (6)]
   283 | D        | Slain by a river rat

Vault maps used:
D:        pitsprint

Skill      XL: |  1 |
---------------+----+-----
Spellcasting   | 2 |  2.5
Maces & Flails | 3 |  3.6
Necromancy     | 1 |  1.6
Fighting       | |  4.7
Armour         | |  4.7
Shields        | |  4.5

Action                   || total
-------------------------++-------
Melee: Flail             ||    50
       Bite              ||     2
  Use: Potion            ||     3
Armor: Scale mail        ||    96
Dodge: Dodged            ||    49
Block: Shield            ||    54

Table legend:
 A = Spawn XP
 B = Non-spawn XP
 C = Spawn XP percentage of total XP
 D = Spawn monster count
 E = Non-spawn monster count
 F = Spawn count percentage of total count
 G = Total turns spent on level
                    A         B        C        D         E        F      G
               +---------+---------+-------+---------+---------+-------+---------
         Total |       0 |      19 |   0.0 |       0 |       7 |   0.0 |   283
               +---------+---------+-------+---------+---------+-------+---------
             D |       0 |      19 |   0.0 |       0 |       7 |   0.0 |   283
               +---------+---------+-------+---------+---------+-------+---------
